 Dungeon Crawl Stone Soup version 0.28.0 (webtiles) character file.

Game seed: 34844763356557807

177 ddubois the Ducker (level 5, -4/37 HPs)
             Began as a Djinni Venom Mage on Feb 15, 2022.
             Slain by Pikel (11 damage)
             ... on level 3 of the Dungeon.
             The game lasted 00:15:32 (6396 turns).

ddubois the Ducker (Djinni Venom Mage)              Turns: 6396, Time: 00:15:32

Health: -4/37      AC:  4    Str:  7    XL:     5   Next: 87%
Gold:   103        EV: 13    Int: 18    God:
                   SH:  0    Dex: 14

rFire   + + .      SeeInvis .   a - +0 whip (elec)
rCold   x . .      Faith    .   (no shield)
rNeg    . . .      Spirit   .   s - +1 robe
rPois   ∞          Reflect  .   (no helmet)
rElec   .          Harm     .   h - +0 cloak
rCorr   .          Rampage  .   (no gloves)
Will    .....                   (boots unavailable)
Stlth   ++........              (no amulet)
HPRegen 0.12/turn               (no ring)
MPRegen 0.00/turn               (no ring)

@: flying
A: sickness immunity, fire resistance 2, cold vulnerability 1, float, innate
caster, HP casting, extra vitality 1
a: no special abilities


You were on level 3 of the Dungeon.
You visited 1 branch of the dungeon, and saw 4 of its levels.

You collected 103 gold pieces.

Inventory:

Hand Weapons
 a - a +0 whip of electrocution (weapon)
Missiles
 b - 97 stones
 e - 27 sling bullets
 o - 4 poisoned darts
Armour
 d - a +0 ring mail
 h - a +0 cloak (worn)
 s - a +1 robe (worn)
Jewellery
 l - an amulet of the acrobat
 p - a ring of resist corrosion
Scrolls
 m - a scroll of magic mapping {unknown}
 r - a scroll of teleportation {unknown}
Potions
 f - a potion of flight
 i - a potion of resistance
 k - a potion of curing
 n - a potion of might
 q - a potion of mutation


   Skills:
 - Level 1.0 Fighting
 + Level 1.2 Maces & Flails
 - Level 4.0 Dodging
 - Level 1.5 Stealth
 + Level 3.6 Spellcasting


You couldn't memorise any spells.
You knew the following spells:

 Your Spells              Type           Power      Damage    Failure   Level
a - Sting                 Tmut/Pois      64%        1d6       3%          1
b - Poisonous Vapours     Pois/Air       32%        N/A       5%          2
c - Mephitic Cloud        Conj/Pois/Air  16%        N/A       11%         3
d - Olgreb's Toxic Radia  Pois           16%        N/A       34%         4
e - Foxfire               Conj/Fire      64%        2x1d7     3%          1
f - Blink                 Tloc           32%        N/A       5%          2
Your spell library was empty.

Dungeon Overview and Level Annotations

Branches:
Dungeon (4/15)
 Temple: D:4-7

Altars:

Shops:
D:2 [

Annotations:
D:3 Pikel


Innate Abilities, Weirdness & Mutations

You are immune to sickness and miasma.
You are immune to poison.
Your flesh is very heat resistant. (rF++)
You are vulnerable to cold. (rC-)
You float through the air rather than walking.
You learn spells naturally, not from books.
Your magical power is your life essence.
You have superior vitality. (+4 MHP)


Message History

Unknown command.
Unknown command.
The lemure shouts!
You hear a shout!
Pikel hits you with a +2 whip of electrocution!
You fly upwards.
There is a stone staircase leading down here.
The worm bites you.
You see here a +0 short sword.
Pikel cracks his whip.
Pikel says, "You'll rust in Dis!"
Things that are here:
a +0 trident; a +0 hunting sling
As you read the scroll labelled HIEMYRA TUQEDI, it crumbles to dust.
The creatures around you are filled with an inner flame!
It was a scroll of immolation.
Pikel hits you with a +2 whip of electrocution!
As you read the scroll labelled JETI MUOCI, it crumbles to dust.
It is a scroll of enchant armour.
Your +0 robe glows green for a moment.
Pikel hits you with a +2 whip of electrocution!
* * * LOW HITPOINT WARNING * * *
Unknown command.
Unknown command.
Pikel says, "I'm sure they'll be treated well, anyway."
It was a potion of flight.
You feel more buoyant. Pikel barely misses you.
You feel better.
Pikel hits you with a +2 whip of electrocution.
* * * LOW HITPOINT WARNING * * *
Unknown command.
You see here a +0 club.
Things that are here:
a +0 dagger; a +0 robe Pikel's inner flame fades away.
You see here a +0 dagger.
Pikel hits you with a +2 whip of electrocution.
* * * LOW HITPOINT WARNING * * *
You are electrocuted!
You die...

#####################.#
.....................>#
########.############.#
#.# #.# #.# #.# #.# #.#
#.# #.#
#.############.#
#.......K@.....#
#######.######## #.#
#.# #.# #.#####
##############.....#
...................#
##'#..#####........#


You could see Pikel.

Vanquished Creatures
  A lemure (D:3)
  A scorpion (D:3)
  5 adders
  3 dart slugs
  9 orcs
  3 ball pythons (D:3)
  5 endoplasms
  A giant cockroach (D:1)
  8 goblins
  5 hobgoblins
  7 kobolds
  A quokka (D:3)
  3 bats (D:1)
  6 rats
58 creatures vanquished.

Vanquished Creatures (others)
  2 foxfires (D:4)
  11 plants (D:3)
  13 withered plants (D:3)
26 creatures vanquished.

Grand Total: 84 creatures vanquished

Notes
Turn   | Place    | Note
-------+----------+-------------------------------------------
     0 | D:1      | ddubois the Djinni Venom Mage began the quest for the Orb.
     0 | D:1      | Reached XP level 1. HP: 15/15 MP: 0/0
    52 | D:1      | Reached XP level 2. HP: 1/22 MP: 0/0
   360 | D:1      | Reached skill level 1 in Fighting
  1462 | D:2      | Found Beose's Armour Shop.
  1467 | D:2      | Reached XP level 3. HP: 19/27 MP: 0/0
  1467 | D:2      | Learned a level 1 spell: Foxfire
  1678 | D:2      | Reached skill level 3 in Dodging
  2154 | D:2      | Reached XP level 4. HP: 14/32 MP: 0/0
  3738 | D:3      | Found a faded altar of an unknown god.
  4328 | D:3      | Reached XP level 5. HP: 32/37 MP: 0/0
  4328 | D:3      | Learned a level 2 spell: Blink
  4684 | D:4      | Noticed a lemure
  4706 | D:4      | Noticed a lemure
  4707 | D:4      | Noticed Pikel
  4708 | D:4      | Noticed a lemure
  4709 | D:4      | Noticed a lemure
  5522 | D:3      | Found a faded altar of an unknown god.
  5975 | D:3      | Killed a lemure
  6041 | D:3      | Reached skill level 1 in Maces & Flails
  6041 | D:3      | Reached skill level 4 in Dodging
  6396 | D:3      | Slain by Pikel

Illustrated notes

Levels and vault maps discovered:
D:1:      psy_arrival_radial02, layout_basic
D:2:      layout_rooms, serial_shops, shop
D:3:      corexii_shack_village, layout_basic,
          shapermc_ecumenical_altar_flowoftime, kennysheep_another_room
D:4:      layout_cave_pools, uniq_pikel

Skill      XL: |  1  2  3  4  5 |
---------------+----------------+-----
Fighting       | 1 |  1.0
Dodging        | 3 4 |  4.0
Spellcasting   | 3 |  3.6
Maces & Flails | 1 |  1.2
Stealth        | |  1.5

Action                   |  1- 3 |  4- 6 || total
-------------------------+-------+-------++-------
Melee: Unarmed           |     1 |       ||     1
       Whip              |       |     1 ||     1
 Cast: Sting             |    14 |    17 ||    31
       Poisonous Vapours |    30 |    75 ||   105
       Mephitic Cloud    |       |     3 ||     3
       Foxfire           |       |     1 ||     1
  Use: Scroll            |       |     7 ||     7
       Potion            |       |     2 ||     2
Armor: Robe              |     8 |     8 ||    16
Dodge: Dodged            |    15 |    32 ||    47
